 Dungeon Crawl Stone Soup version 0.14.0-12-g87ee3b7 (webtiles) character file.

1128 sprout the Chopper (level 7, -6/63 HPs)
             Began as a Minotaur Berserker on Apr 17, 2014.
             Was an Elder of Trog.
             Mangled by an ice beast (13 damage)
             ... on Level 5 of the Dungeon.
             The game lasted 00:10:05 (3479 turns).

sprout the Chopper (Minotaur Berserker)             Turns: 3479, Time: 00:10:05

HP  -6/63        AC  3     Str 23      XL: 7   Next: 79%
MP   3/3         EV 14     Int  4      God: Trog [****..]
Gold 230         SH  0     Dex 10      Spells:  0 memorised,  6 levels left

rFire  . . .     SeeInvis .     a - +1,-2 hand axe
rCold  . . .     Clarity  .     b - +1 animal skin
rNeg   . . .     Conserve .     (no shield)
rPois  .         rCorr    .     (helmet restricted)
rElec  .         rRot     .     (no cloak)
SustAb . .       Spirit   .     (no gloves)
rMut   .         Warding  .     (no boots)
Saprov . . .     Stasis   .     (no amulet)
MR     .....                    (no ring)
                                (no ring)

@: exhausted, slowed, very slow, not resistant to hostile enchantments,
unstealthy
A: retaliatory headbutt, horns 2
a: Burn Spellbooks, Berserk, Trog's Hand, Brothers in Arms, Renounce Religion


You were on level 5 of the Dungeon.
You worshipped Trog.
Trog was greatly pleased with you.
You were not hungry.

You visited 1 branch of the dungeon, and saw 5 of its levels.

You collected 230 gold pieces.

Inventory:

Hand weapons
 a - a +1,-2 hand axe (weapon)
 E - a +2,+3 flail of crushing
Armour
 b - a +1 animal skin (worn)
Magical devices
 z - a wand of teleportation (3) {unknown}
Comestibles
 c - 2 bread rations
 h - a cheese
 o - a meat ration
 x - 11 grapes
 A - a choko
 D - an apple
Scrolls
 d - a scroll of magic mapping {unknown}
 n - a scroll of enchant weapon I
 r - 3 scrolls of blinking {unknown}
 s - a scroll of noise {unknown}
 u - a scroll of enchant weapon II {unknown}
 v - 2 scrolls of fog {unknown}
 w - 4 scrolls of identify {unknown}
 y - a scroll of recharging {unknown}
 B - a scroll of enchant armour
 C - a scroll of remove curse
Jewellery
 i - an uncursed amulet of clarity {unknown}
 m - an uncursed ring of flight {unknown}
 F - an uncursed ring of protection from cold {unknown}
Potions
 e - 6 potions of curing {unknown}
 f - 2 potions of restore abilities {unknown}
 g - a potion of might {unknown}
 j - a potion of magic {unknown}
 k - a potion of mutation {unknown}
 l - 2 potions of agility {unknown}
 q - a potion of poison {unknown}
 t - a potion of resistance {unknown}


   Skills:
 + Level 6.0 Fighting
 + Level 7.0 Axes
 * Level 3.1 Maces & Flails
 + Level 2.5 Armour
 + Level 6.3 Dodging
 + Level 1.3 Stealth


You had 6 spell levels left.
You didn't know any spells.

Dungeon Overview and Level Annotations

Branches:
Dungeon (5/15)
 Temple: D:4-7

Altars:
Makhleb
Okawaru

Annotations:
D:5 Eustachio


Innate Abilities, Weirdness & Mutations

You reflexively headbutt those who attack you in melee.
You have a pair of horns on your head.


Message History

Eustachio mumbles some strange words.
Eustachio blinks!
The ice beast hits you.
* * * LOW HITPOINT WARNING * * *
The ice beast freezes you!
* * * LOW HITPOINT WARNING * * *
Eustachio mumbles some strange words.
An orc comes into view.
The ice beast misses you. You furiously retaliate!
You headbutt the ice beast.
Drink which item? (? for menu, Esc to quit)
Okay, then.
Read which item? (? for menu, Esc to quit)
As you read the scroll of immolation, it crumbles to dust.
The creatures around you are filled with an inner flame!
The orc shouts!
The ice beast hits you but does no damage.
The ice beast hits you.
* * * LOW HITPOINT WARNING * * *
The ice beast freezes you!
One of your 7 cyan potions freezes and shatters!
You die...

#.# ##.#### .% #.....#
.... #..o..#......
####............ .
.#.#####........##.###. ##
...................... ..
...(..###..I#.#######.. ##
..........@.#... ...
......###...##### ##
#.#..####...#
.........############
....................#
........##########.#######
...................<......
........######.....#######
.......# #.....#


You could see an ice beast (inner flame) and an orc (inner flame).

Vanquished Creatures
  Grinder (D:5)
  Edmund (D:4)
  An ogre (D:4)
  A scorpion (D:4)
  A jelly (D:5)
  3 hounds
  Natasha (D:5)
  The ghost of staplegun the Ducker, a weakling SpAK of Lugonu (D:3)
  A hound zombie (D:5)
  3 gnolls (D:3)
  A shadow imp (D:5)
  A giant mite (D:4)
  9 adders
  2 worms
  A gnoll zombie (D:5)
  3 giant geckos
  7 orcs
  2 ball pythons
  10 bats
  5 giant cockroaches
  14 goblins
  6 hobgoblins
  6 jackals
  8 kobolds
  3 quokkas
  4 giant newts
  A hobgoblin skeleton (D:4)
  A kobold skeleton (D:4)
  An orc skeleton (D:4)
  11 rats
110 creatures vanquished.

Notes
Turn   | Place    | Note
--------------------------------------------------------------
     0 | D:1      | sprout, the Minotaur Berserker, began the quest for the Orb.
     0 | D:1      | Reached XP level 1. HP: 19/19 MP: 1/1
   179 | D:1      | Reached skill level 4 in Fighting
   179 | D:1      | Reached XP level 2. HP: 27/27 MP: 1/1
   578 | D:2      | Acquired Trog's second power
   634 | D:2      | Reached XP level 3. HP: 28/33 MP: 2/2
   983 | D:2      | Reached XP level 4. HP: 37/41 MP: 2/2
  1130 | D:3      | Reached skill level 5 in Axes
  1203 | D:3      | Reached XP level 5. HP: 32/47 MP: 2/2
  1212 | D:3      | Found a burning altar of Makhleb.
  1408 | D:3      | Noticed staplegun's ghost (weakling SpAK)
  1412 | D:3      | Killed staplegun's ghost
  1472 | D:3      | Found an iron altar of Okawaru.
  1481 | D:3      | Reached skill level 5 in Fighting
  1683 | D:4      | Acquired Trog's third power
  2071 | D:4      | Reached XP level 6. HP: 35/56 MP: 3/3
  2358 | D:4      | Reached skill level 6 in Axes
  2617 | D:4      | Noticed Edmund
  2627 | D:4      | Killed Edmund
  2627 | D:4      | Reached skill level 5 in Dodging
  2627 | D:4      | Reached XP level 7. HP: 61/61 MP: 3/3
  3120 | D:5      | Entered Level 5 of the Dungeon
  3121 | D:5      | Noticed Grinder
  3123 | D:5      | Paralysed by Grinder for 5 turns
  3131 | D:5      | Killed Grinder
  3131 | D:5      | Reached skill level 1 in Stealth
  3436 | D:5      | Noticed Eustachio
  3440 | D:5      | Reached skill level 7 in Axes
  3458 | D:5      | Noticed Natasha
  3468 | D:5      | Killed Natasha
  3479 | D:5      | Mangled by an ice beast

Action                   |  1- 3 |  4- 6 |  7- 9 || total
-------------------------+-------+-------+-------++-------
Melee: Hand axe          |    68 |   110 |    48 ||   226
Invok: Berserk           |       |     3 |     2 ||     5
       Burn Spellbooks   |       |     1 |       ||     1
  Use: Scroll            |     4 |       |     1 ||     5
